 Dungeon Crawl Stone Soup version bcrawl-1.31 (webtiles) character file.

Game seed: 10858261779020481576

514925 Morbidden the Eclecticist (level 16, -6/105 HPs)
             Began as a Fairy Conjurer on Apr 11, 2021.
             Was the Champion of Qazlal.
             Mangled by an orc warlord
             ... wielding a +2 great sword of electrocution
              (11 damage)
             ... in the Orcish Mines.
             The game lasted 00:52:21 (23313 turns).

Morbidden the Eclecticist (Fairy Conjurer)         Turns: 23313, Time: 00:52:22

Health: -6/105     AC: 16    Str: 10    XL:     16   Next: 19%
Magic:  40/60      EV: 31    Int: 24    God:    Qazlal [******]
Gold:   3532       SH: 16    Dex: 15    Spells: 19/49 levels left

rFire    . . .     SeeInvis +   a - staff of power
rCold    . . .     Gourm    .   (shield currently unavailable)
rNeg     . . .     Faith    .   (armour unavailable)
rPois    +         Spirit   .   U - +0 hat "Cuirabra" {rPois Str+4}
rElec    .         Reflect  .   R - +1 cloak of the Skies Above {SInv}
rCorr    .         Harm     .   D - +0 pair of gloves
MR       +....                  G - +1 pair of boots {Stlth++}
Stlth    +.........             (no amulet)
HPRegen  0.27/turn              P - +5 ring of evasion
MPRegen  0.37/turn              t - ring of magical power (curse)

@: protected from physical damage, flying evasively, studying Slings, repel
missiles
A: small, magic attunement, unstealthy, unfitting armour, able to fly, AC/SH +8
a: Stop Flying, Upheaval, Elemental Force, Disaster Area, Renounce Religion


You were in the Orcish Mines.
You worshipped Qazlal.
Qazlal was exalted by your worship.
You were not hungry.

You visited 4 branches of the dungeon, and saw 20 of its levels.
You visited 1 bazaar.
You also visited: Gauntlet, Ice Cave and Volcano.

You collected 3987 gold pieces.
You spent 455 gold pieces at shops.

Inventory:

Hand Weapons
 b - the +16 sapphire dagger {flash freeze, rF- rC++ MR+}
   (You found it on level 1 of the Lair of Beasts)

   It has been specially enchanted to freeze those struck by it, increasing
   damage dealt by approximately one third against foes not resistant or
   susceptible to cold, and potentially slowing cold-blooded foes.
   It makes you vulnerable to fire.
   It greatly protects you from cold.
   It affects your resistance to hostile enchantments.
 T - the +5 spear "Trog's Hatred" {distort, *Drain rC+ MR+ Str+6, unknown}
   (You found it on level 5 of the Lair of Beasts)

   It warps and distorts space around it.
   Unwielding it can cause banishment or high damage.
   It affects your strength (+6).
   It protects you from cold.
   It affects your resistance to hostile enchantments.
   It causes draining when unequipped.
Missiles
 C - 5 throwing nets {=f}
Armour
 D - a +0 pair of gloves (worn)
 G - a +1 pair of boots of stealth (worn)
 R - the +1 cloak of the Skies Above (worn) {SInv}
   (You acquired it on level 2 of the Lair of Beasts)

   It lets you see invisible.
 U - the +0 hat "Cuirabra" (worn) {rPois Str+4}
   (You found it in a Gauntlet)

   It affects your strength (+4).
   It protects you from poison.
Magical Staves
 a - an uncursed staff of power (weapon)
 Z - an uncursed staff of wizardry
Jewellery
 t - a cursed ring of magical power (right hand)
 y - an uncursed ring of fire
 H - an uncursed ring of protection from cold
 P - a +5 ring of evasion (left hand)
Wands
 r - a wand of scattershot (8)
 u - a wand of flame (46)
 F - a wand of acid (5)
 K - a wand of paralysis (6)
 M - a wand of iceblast (10)
 N - a wand of clouds (5)
Scrolls
 d - 6 scrolls of amnesia
 f - 2 scrolls of fear
 h - 12 scrolls of remove curse
 i - 10 scrolls of identify
 n - 3 scrolls of enchant armour
 q - 10 scrolls of teleportation
 v - 4 scrolls of enchant weapon
 L - 2 scrolls of blinking
 S - a scroll of magic mapping
 V - 2 scrolls of fog
 W - 2 scrolls of immolation {unknown}
Potions
 c - a potion of ambrosia {unknown}
 g - 5 potions of lignification {unknown}
 j - 3 potions of might
 l - 2 potions of invisibility
 o - a potion of magic
 p - 2 potions of degeneration {unknown}
 s - 6 potions of haste {unknown}
 w - 3 potions of curing
 x - 3 potions of agility {unknown}
 z - 2 potions of cancellation
 B - 3 potions of brilliance
 E - 4 potions of berserk rage
 I - 2 potions of flight
 J - 5 potions of heal wounds
 O - a potion of resistance
 Y - 3 potions of mutation {unknown}
Miscellaneous
 m - a sack of spiders
 A - a phial of floods
 X - a phantom mirror
Comestibles
 e - 40 rations {!d}
 k - 16 chunks of flesh


   Skills:
 * Level 8.1 Fighting
 + Level 2.9 Short Blades
 + Level 0.3 Staves
 * Level 12.7 Dodging
 + Level 3.2 Stealth
 + Level 3.2 Unarmed Combat
 * Level 17.4 Spellcasting
 * Level 17.2 Conjurations
 * Level 6.4 Hexes
 * Level 8.1 Transmutations
 * Level 8.0 Invocations
 + Level 0.9 Evocations


You had 19 spell levels left.
You knew the following spells:

 Your Spells              Type           Power        Failure   Level  Hunger
a - Orb of Destruction    Conj           #######...   1%          7    None
b - Searing Ray           Conj           #######.     0%          2    None
c - Iskenderun's Mystic   Conj           #######.     0%          3    None
d - Mana Rupture          Conj/Hex       ######....   16%         7    None
e - Magic Dart            Conj           ####         0%          1    None
x - Blade Hands           Tmut           ######....   2%          5    None
z - Irradiate             Conj/Tmut      ######....   1%          5    None

Your spell library contained the following spells:

 Spells                   Type           Power        Failure   Level  Hunger
 Beastly Appendage        Tmut           ######       1%          1    None
 Flame Tongue             Conj/Fire      #####        1%          1    None
 Shock                    Conj/Air       #####        1%          1    None
 Slow                     Hex            ######..     1%          1    None
 Sting                    Conj/Pois      ####         1%          1    None
 Passwall                 Tmut/Erth      #####...     1%          2    None
 Sticks to Snakes         Tmut           ######..     1%          2    None
 Confuse                  Hex            ######..     1%          3    None
 Conjure Flame            Conj/Fire      ######..     1%          3    None
 Dazzling Orbs            Conj/Hex       ######.      1%          3    None
 Mephitic Cloud           Conj/Pois/Air  #####...     1%          3    None
 Spider Form              Tmut/Pois      ###          1%          3    None
 Fulminant Prism          Conj/Hex       ######....   1%          4    None
 Yara's Violent Unravell  Hex/Tmut       ######....   1%          4    None
 Bolt of Draining         Conj/Necr      ######....   1%          5    None
 Venom Bolt               Conj/Pois      ######....   1%          5    None
 Animate Skeleton         Necr           N/A          2%          1    None
 Apportation              Tloc           ###...       2%          1    None
 Infusion                 Chrm           ###.....     2%          1    None
 Pain                     Necr           ###...       2%          1    None
 Sandblast                Erth           ###...       2%          1    None
 Summon Butterflies       Summ           ###.....     2%          1    None
 Ignite Poison            Fire/Tmut/Pois ####....     2%          3    None
 Blink                    Tloc           N/A          3%          2    None
 Call Imp                 Summ           ###...       3%          2    None
 Corpse Rot               Necr           N/A          3%          2    None
 Poisonous Vapours        Pois/Air       ###...       3%          2    None
 Sublimation of Blood     Necr           ###.......   3%          2    None
 Ice Form                 Ice/Tmut       #####...     4%          4    None
 Petrify                  Tmut/Erth      #####.....   4%          4    None
 Recall                   Summ/Tloc      N/A          8%          3    None
 Regeneration             Chrm/Necr      ###.......   8%          3    None
 Vampiric Draining        Necr           ###.......   8%          3    None
 Bolt of Cold             Conj/Ice       ######....   11%         6    None
 Poison Arrow             Conj/Pois      ######....   11%         6    None
 Metabolic Englaciation   Hex/Ice        #####.....   19%         5    None
 Agony                    Necr           ###.....     24%         4    None
 Animate Dead             Necr           N/A          24%         4    None
 Olgreb's Toxic Radiance  Pois           ###......    24%         4    None
 Summon Scorpions         Summ/Pois      ###.....     24%         4    None
 Dispel Undead            Necr           ###.....     56%         5    None
 Borgnjor's Vile Clutch   Necr/Erth      ###.......   98%         6    None
 Death Channel            Chrm/Necr      ###.......   98%         6    None
 Freezing Cloud           Ice/Air        ###.......   98%         6    None
 Ozocubu's Refrigeration  Ice            ###.......   98%         6    None
 Simulacrum               Ice/Necr       ###.......   98%         6    None


Dungeon Overview and Level Annotations

Branches:
Dungeon (12/12)            Temple (1/1) D:6            Lair (6/6) D:9
 Shoals (0/3) Lair:3        Snake (0/3) Lair:3        Slime (0/5) Lair:6
    Orc (1/1) D:10            Elf (0/3) Orc          Vaults (0/3) D:12
 Depths (0/5) D:12

Altars:
Ashenzari
Cheibriados
Dithmenos
Elyvilon
Fedhas
Gozag
Hepliaklqana
Kikubaaqudgha
Lugonu
Makhleb
Nemelex Xobeh
Okawaru
Qazlal
Ru
Sif Muna
Trog
Uskayaw
Vehumet
Wu Jian
Xom
Yredelemnul
Zin
The Shining One
Jiyva

Shops:
Orc ?%

Portals:
Abyss: Lair:3

Annotations:
D:8 3 runed translucent doors, Pixllover's ghost, novice MiBe
D:12 1 runed translucent door


Innate Abilities, Weirdness & Mutations

Your spells do not cause hunger and MP costs are reduced by 1.
Your bright wings attract enemies. (Stealth-)
You cannot fit into any form of body armour.
Your shimmering scales are hard and can block incoming attacks. (AC +8, SH +8)
You are small and have problems with some larger weapons.
You can fly continuously.


Message History

You are too injured to fight recklessly!
You are too injured to fight recklessly!
You are too injured to fight recklessly!
You are too injured to fight recklessly!
You are too injured to fight recklessly!
You are too injured to fight recklessly!
You are too injured to fight recklessly!
You are too injured to fight recklessly!
You are too injured to fight recklessly!
You are too injured to fight recklessly!
You are too injured to fight recklessly!
No path to travel!
The dagger stops glowing.
You feel your magic capacity increase.
a - an uncursed staff of power (weapon)
You hear a shout!
The orc warrior completely misses you.
The orc warlord hits you with a +2 great sword of electrocution!!
* * * LOW HITPOINT WARNING * * *
You are electrocuted!
You die...

........# ....
#.......# #....
........##.....
#..............
...............
#....Oo○.§...#


.ooooho.o°.# #@o## #...## ##.°#.## #%..%..# ##).)%## #[%.## ##).## ##).####
##$)###.## You could see an orc warlord, an orc knight, a warg, 3 orc warriors,
an ogre, an orc priest, an orc wizard and an orc.

Vanquished Creatures
  A minotaur (Gauntlet)
  A white draconian (IceCv)
  2 dire elephants
  A red draconian (Volcano)
  An ettin (Orc)
  Urug (Lair:1)
  Harold (D:9)
  Fannar (D:12)
  6 hydras
  An ogre mage (Volcano)
  An ice dragon (D:11)
  2 centaur warriors (D:11)
  3 catoblepae
  A death knight (D:10)
  An alligator (Lair:6)
  A tengu warrior (Gauntlet)
  9 two-headed ogres
  21 death yaks
  A deep troll shaman (Lair:6)
  Sonja (D:11)
  An unseen horror (D:6)
  2 phantasmal warriors (D:10)
  3 orc knights
  2 oklob plants (Lair:2)
  2 orc sorcerers (Orc)
  A wolf spider (D:12)
  10 elephants
  2 manticores
  A rust devil (Orc)
  A torpor snail (Lair:6)
  9 black mambas
  2 gargoyles
  An ice statue (IceCv)
  An apocalypse crab (Gauntlet)
  4 centaur skeletons
  2 molten gargoyles (Volcano)
  17 cane toads
  4 komodo dragons
  A rime drake (Lair:5)
  An ice devil (Orc)
  2 freezing wraiths (D:10)
  2 tengu conjurers
  2 trolls (D:12)
  16 polar bears
  5 slime creatures
  A snapping turtle (Lair:3)
  7 blink frogs
  6 hippogriffs
  A centaur simulacrum (D:12)
  75 yaks
  4 wyverns
  A wraith (D:11)
  A spriggan (D:9)
  2 basilisks
  A hungry ghost (D:8)
  5 fire bats
  2 large abominations (Gauntlet)
  15 crocodiles
  4 nagas (Lair:3)
  5 water moccasins
  8 porcupines
  Duvessa (D:7)
  3 small abominations (Gauntlet)
  27 orc warriors
  5 ice beasts
  3 sky beasts
  3 black bears
  A phantom (D:11)
  9 centaurs
  9 ogres
  3 necrophages
  30 wolves
  12 bullfrogs
  2 big kobolds
  6 scorpions
  4 howler monkeys (D:8)
  8 wights
  4 electric eels
  2 crimson imps (D:5)
  5 centaur zombies
  A bullfrog zombie (D:7)
  A jelly (D:9)
  9 lava snakes
  2 quasits
  19 orc priests
  6 hounds
  9 orc wizards
  Ijyb (D:5)
  3 iguanas
  19 worker ants
  A worker ant zombie (D:7)
  A gnoll (D:2)
  11 adders
  5 shadow imps
  An adder zombie (D:5)
  2 adder skeletons
  2 worms (D:2)
  4 dart slugs
  4 leopard geckos
  54 orcs
  A ball python (D:3)
  4 giant cockroaches
  2 gnoll zombies (D:5)
  3 goblins
  11 hobgoblins
  8 jackals
  14 kobolds
  7 bats
  A jackal skeleton (D:4)
  A quokka skeleton (D:4)
  8 rats
  4 fungi
  A lurking horror (Lair:3)
  4 plants
650 creatures vanquished.

Vanquished Creatures (collateral kills)
  A centaur warrior (D:12)
  An orc warrior (D:12)
2 creatures vanquished.

Vanquished Creatures (others)
  13 fungi
  A lurking horror (Lair:3)
  29 plants
43 creatures vanquished.

Grand Total: 695 creatures vanquished

Notes
Turn   | Place    | Note
-------+----------+-------------------------------------------
     0 | D:1      | Morbidden the Fairy Conjurer began the quest for the Orb.
     0 | D:1      | Reached XP level 1. HP: 11/11 MP: 6/6
    90 | D:1      | Reached skill level 5 in Conjurations
    98 | D:1      | Reached XP level 2. HP: 17/17 MP: 7/7
   197 | D:1      | Learned a level 2 spell: Searing Ray
   329 | D:1      | Reached XP level 3. HP: 21/21 MP: 9/9
  1081 | D:2      | Found a faded altar of an unknown god.
  1081 | D:2      | Found a faded altar of an unknown god.
  1081 | D:2      | Found a hazy altar of Hepliaklqana.
  1083 | D:2      | Found a faded altar of an unknown god.
  1244 | D:2      | Learned a level 3 spell: Iskenderun's Mystic Blast
  1355 | D:2      | Reached XP level 4. HP: 27/27 MP: 11/11
  1511 | D:2      | Found an iron altar of Okawaru.
  1799 | D:3      | Found a burning altar of Makhleb.
  1799 | D:3      | Noticed an Executioner
  1807 | D:3      | Noticed a hellwing
  1807 | D:3      | Noticed a hellwing
  1830 | D:3      | Reached XP level 5. HP: 32/32 MP: 11/13
  1902 | D:3      | Reached skill level 1 in Fighting
  2377 | D:3      | Learned a level 5 spell: Irradiate
  2427 | D:4      | Noticed an orc warrior
  2464 | D:3      | Reached XP level 6. HP: 15/38 MP: 5/15
  2746 | D:4      | Reached skill level 5 in Spellcasting
  2878 | D:4      | HP: 1/38 [orc warrior/+0 dire flail (12)]
  2879 | D:4      | Killed an orc warrior
  2880 | D:4      | Reached XP level 7. HP: 1/43 MP: 5/17
  3219 | D:4      | Found a bloodstained altar of Trog.
  3246 | D:4      | Found a shimmering blue altar of Sif Muna.
  3272 | D:4      | Reached skill level 1 in Transmutations
  3290 | D:4      | Identified Sif Muna's Reference Book on Air
  3419 | D:5      | Entered Level 5 of the Dungeon
  3444 | D:5      | Found a corrupted altar of Lugonu.
  3498 | D:5      | Noticed Ijyb
  3553 | D:5      | Killed Ijyb
  3854 | D:5      | Reached XP level 8. HP: 50/50 MP: 7/19
  4156 | D:5      | Found a basalt altar of Yredelemnul.
  4625 | D:6      | Found a staircase to the Ecumenical Temple.
  4640 | D:6      | HP: 2/50 [something (9)]
  4647 | D:6      | Killed an unseen horror
  4648 | D:6      | Reached skill level 5 in Dodging
  4648 | D:6      | Reached XP level 9. HP: 17/55 MP: 17/23
  4755 | Temple   | Entered the Ecumenical Temple
  4809 | Temple   | Became a worshipper of Qazlal Stormbringer
  5411 | D:6      | Reached skill level 10 in Conjurations
  5907 | D:6      | Found a shadowy altar of Dithmenos.
  6280 | D:7      | Reached skill level 1 in Invocations
  6358 | D:7      | Found a blossoming altar of Fedhas.
  6531 | D:7      | Noticed Duvessa
  6536 | D:7      | Killed Duvessa
  6537 | D:7      | Reached skill level 10 in Spellcasting
  6538 | D:7      | Reached XP level 10. HP: 63/63 MP: 18/26
  6621 | D:7      | Reached * piety under Qazlal
  7966 | D:8      | Found a runed translucent gate.
  7966 | D:8      | Noticed Pixllover's ghost (novice MiBe)
  7967 | D:8      | Found a runed translucent gate.
  7968 | D:8      | Found a runed translucent gate.
  8320 | D:9      | Found a sparkling altar of Nemelex Xobeh.
  8458 | D:9      | Noticed a two-headed ogre
  8461 | D:9      | Killed a two-headed ogre
  8471 | D:9      | Reached ** piety under Qazlal
  8472 | D:9      | Reached XP level 11. HP: 68/68 MP: 19/28
  8694 | D:9      | Noticed Harold
  8700 | D:9      | Killed Harold
  8766 | D:9      | Found a staircase to the Lair.
  8976 | D:9      | Found an opulent altar of Gozag.
  8989 | D:9      | Found a glowing golden altar of the Shining One.
  9000 | D:9      | Found a shimmering altar of Xom.
  9087 | D:9      | Reached *** piety under Qazlal
  9327 | D:10     | Entered Level 10 of the Dungeon
  9794 | D:10     | Found a staircase to the Orcish Mines.
  9891 | D:10     | Reached **** piety under Qazlal
  9900 | D:10     | Learned a level 7 spell: Mana Rupture
  9915 | D:10     | Noticed a death knight
  9921 | D:10     | Noticed a phantasmal warrior
  9923 | D:10     | Noticed a phantasmal warrior
 10142 | D:10     | Reached skill level 5 in Transmutations
 10142 | D:10     | Reached XP level 12. HP: 75/75 MP: 21/30
 10194 | D:10     | Killed a death knight
 10206 | D:10     | Reached skill level 1 in Hexes
 10456 | D:10     | Learned a level 5 spell: Blade Hands
 10535 | D:11     | Noticed a two-headed ogre
 10542 | D:11     | Killed a two-headed ogre
 10604 | D:11     | Noticed a two-headed ogre
 10609 | D:11     | Killed a two-headed ogre
 10609 | D:11     | Noticed a centaur warrior
 10615 | D:11     | Killed a centaur warrior
 10616 | D:11     | Reached skill level 5 in Invocations
 10620 | D:11     | Noticed a centaur warrior
 10621 | D:11     | Reached skill level 5 in Fighting
 10623 | D:11     | Killed a centaur warrior
 10687 | D:11     | Noticed a two-headed ogre
 10700 | D:11     | Killed a two-headed ogre
 10711 | D:11     | Found a frozen archway.
 10711 | D:11     | Noticed an ice dragon
 10728 | D:11     | Killed an ice dragon
 10748 | D:11     | Reached skill level 1 in Unarmed Combat
 10749 | IceCv    | Entered an ice cave
 11033 | IceCv    | Reached XP level 13. HP: 40/82 MP: 18/33
 11483 | IceCv    | Reached ***** piety under Qazlal
 11719 | IceCv    | Reached skill level 10 in Dodging
 11994 | IceCv    | Noticed a white draconian
 12001 | IceCv    | Killed a white draconian
 12749 | D:11     | Noticed Sonja
 12754 | D:11     | Killed Sonja
 13012 | D:12     | Entered Level 12 of the Dungeon
 13085 | D:12     | Found a flickering gateway to a bazaar.
 13112 | Bazaar   | Entered a bazaar
 13112 | Bazaar   | Found Epivvire's Distillery.
 13112 | Bazaar   | Found Giwameg's Food Boutique.
 13126 | Bazaar   | Found Waryur's Jewellery Emporium.
 13179 | Bazaar   | Found Qiczo's Jewellery Shoppe.
 13243 | Bazaar   | Bought a cursed ring of magical power for 320 gold pieces
 13259 | D:12     | Identified the ring of Edde {Ice Slay+3}
 13259 | D:12     | Noticed Fannar
 13267 | D:12     | Killed Fannar
 13696 | D:12     | Noticed a dire elephant
 13703 | D:12     | Killed a dire elephant
 13704 | D:12     | Reached skill level 15 in Spellcasting
 13704 | D:12     | Reached skill level 15 in Conjurations
 13704 | D:12     | Reached XP level 14. HP: 90/90 MP: 30/35
 13749 | D:12     | Noticed a mature batox beast
 13751 | D:12     | Found a runed translucent door.
 13870 | D:12     | Found a gate to the Vaults.
 13870 | D:12     | Noticed a mature batox beast
 13895 | D:12     | Found a staircase to the Depths.
 14241 | Lair:1   | Entered Level 1 of the Lair of Beasts
 14243 | Lair:1   | Found a dark tunnel.
 14252 | Volcano  | Entered a volcano
 14325 | Volcano  | Noticed a red draconian
 14556 | Volcano  | Found a radiant altar of Vehumet.
 14581 | Volcano  | Killed a red draconian
 14835 | Lair:1   | Noticed Urug
 14841 | Lair:1   | Killed Urug
 14955 | Lair:1   | Reached ****** piety under Qazlal
 15054 | Lair:1   | Found the +16 sapphire dagger {flash freeze, rF- rC++ MR+}
 15933 | Lair:2   | Reached skill level 5 in Hexes
 16017 | Lair:2   | Found a gate leading to a gauntlet.
 16026 | Gauntlet | Entered a Gauntlet
 16026 | Gauntlet | Found a transporter.
 16026 | Gauntlet | Found a transporter.
 16040 | Gauntlet | Identified the +5 falchion "Osmusch" {flame, Str+3}
 16100 | Gauntlet | Found a transporter.
 16104 | Gauntlet | Found a transporter.
 16116 | Gauntlet | Found a transporter.
 16118 | Gauntlet | Found a transporter.
 16128 | Gauntlet | Found a transporter.
 16149 | Gauntlet | Found the cursed +13 scythe of Curses {drain, *Curse}
 16149 | Gauntlet | Found a transporter.
 16155 | Gauntlet | Found a transporter.
 16159 | Gauntlet | Found a transporter.
 16169 | Gauntlet | Found a transporter.
 16173 | Gauntlet | Found a transporter.
 16350 | Gauntlet | Got a bloodstained hat
 16370 | Gauntlet | Identified the +0 hat "Cuirabra" {rPois Str+4} (You found
                  | it in a Gauntlet)
 16768 | Lair:2   | Identified 3 scrolls of acquirement
 16768 | Lair:2   | Identified the +1 cloak of the Skies Above {SInv} (You
                  | acquired it on level 2 of the Lair of Beasts)
 16788 | Lair:2   | Identified the +2 pair of boots "Hymekeev" {rF- MR+ Int+2}
                  | (You acquired it on level 2 of the Lair of Beasts)
 16790 | Lair:2   | Identified the amulet "Ynloarho" {Acrobat rN++} (You
                  | acquired it on level 2 of the Lair of Beasts)
 16790 | Lair:2   | Identified Liyrph's Papyrus of Attacks (You acquired it on
                  | level 2 of the Lair of Beasts)
 16800 | Lair:2   | Learned a level 7 spell: Orb of Destruction
 17409 | Lair:3   | Reached skill level 1 in Short Blades
 17584 | Lair:3   | Found a staircase to the Snake Pit.
 17831 | Lair:3   | Reached XP level 15. HP: 97/97 MP: 37/37
 17873 | Lair:3   | Found a basalt altar of Yredelemnul.
 18024 | Lair:3   | Found a corrupted altar of Lugonu.
 18030 | Lair:3   | Found a one-way gate to the infinite horrors of the Abyss.
 18415 | Lair:3   | Found a staircase to the Shoals.
 18870 | Lair:4   | Found a white marble altar of Elyvilon.
 20251 | Lair:5   | Got a smoking spear
 20536 | Lair:6   | Entered Level 6 of the Lair of Beasts
 20943 | Lair:6   | Found a staircase to the Slime Pits.
 20943 | Lair:6   | Found a viscous altar of Jiyva.
 21819 | Lair:6   | Reached XP level 16. HP: 97/104 MP: 9/39
 22275 | Orc      | Entered the Orcish Mines
 22506 | Orc      | Found a staircase to the Elven Halls.
 22960 | Orc      | Found Pantusur's Food Emporium.
 22964 | Orc      | Found Bulen's Magic Scroll Shoppe.
 23044 | Orc      | Bought a scroll of teleportation for 45 gold pieces
 23044 | Orc      | Bought a scroll of teleportation for 45 gold pieces
 23044 | Orc      | Bought a scroll of teleportation for 45 gold pieces
 23313 | Orc      | HP: 5/105 [orc warlord/+2 great sword of electrocution
                  | (35)]
 23313 | Orc      | Mangled by an orc warlord

Skill      XL: |  1  2  3  4  5  6  7  8  9 10 11 12 13 14 15 16 |
---------------+-------------------------------------------------+-----
Conjurations   | 5 6 7 8 9 10 12 13 14 15 16 17 | 17.2
Spellcasting   | 3 4 5 6 8 10 11 12 14 15 16 17 | 17.4
Dodging        | 3 4 5 6 7 8 9 10 11 12 | 12.7
Fighting       | 1 2 3 4 5 6 7 8 |  8.1
Transmutations | 1 2 3 4 5 6 7 8 |  8.1
Stealth        | 2 3 |  3.2
Invocations    | 1 3 4 5 6 7 8 |  8.0
Hexes          | 3 4 5 6 |  6.4
Unarmed Combat | 1 2 3 |  3.2
Short Blades   | 2 |  2.9
Staves         | |  0.3
Evocations     | |  0.9

Action                   |  1- 3 |  4- 6 |  7- 9 | 10-12 | 13-15 | 16-18 || total
-------------------------+-------+-------+-------+-------+-------+-------++-------
Melee: Unarmed           |       |     4 |       |   113 |   124 |       ||   241
       Staff             |       |       |       |    13 |    53 |     5 ||    71
       Dagger            |       |       |       |       |   181 |    41 ||   222
       Punch             |       |       |       |       |     3 |     1 ||     4
 Cast: Magic Dart        |    85 |    87 |   145 |     8 |       |       ||   325
       Searing Ray       |     2 |     8 |    34 |     9 |    11 |       ||    64
       Iskenderun's Myst |       |     5 |     5 |   264 |   257 |     3 ||   534
       Irradiate         |       |       |     6 |     8 |    15 |       ||    29
       Blade Hands       |       |       |       |     6 |     9 |       ||    15
       Orb of Destructio |       |       |       |       |   161 |    95 ||   256
Invok: Disaster Area     |       |       |       |       |     1 |       ||     1
Evoke: Wand              |       |       |     1 |     1 |     2 |       ||     4
       Phial of floods   |       |       |       |     1 |     1 |       ||     2
  Use: Scroll            |       |     1 |       |    15 |    11 |     1 ||    28
       Potion            |       |       |     4 |     2 |     1 |       ||     7
 Stab: Invisible         |       |       |       |     5 |       |       ||     5
  Eat: Chunk             |     1 |     6 |    13 |    21 |    42 |     9 ||    92
       Ration            |       |       |       |       |     2 |       ||     2
Armor: Skin              |     8 |     5 |     9 |    22 |    33 |     1 ||    78
Dodge: Dodged            |    19 |    40 |    49 |   192 |   350 |    21 ||   671
       Deflected         |       |       |       |     4 |     7 |       ||    11
Block: Other             |     3 |    10 |    17 |   137 |   341 |    34 ||   542
